 Dungeon Crawl Stone Soup version 0.17.0-27-g4a3f43e (webtiles) character file.

480517 septik the Executioner (level 24, -23/180 HPs)
             Began as a Gargoyle Fighter on Nov 21, 2015.
             Was the Champion of Okawaru.
             Killed from afar by a Hell Sentinel (50 damage)
             ... with a blast of hellfire
             ... summoned by a deep elf demonologist
             ... on level 3 of the Elven Halls on Nov 22, 2015.
             The game lasted 03:14:57 (55844 turns).

septik the Executioner (Gargoyle Fighter)          Turns: 55844, Time: 03:14:58

Health: -23/180    AC: 65    Str: 37    XL:     24   Next: 85%
Magic:  36/36      EV: 17    Int: 15    God:    Okawaru [******]
Gold:   516        SH: 18    Dex: 15    Spells: 0 memorised, 23 levels left

rFire  + + +     SeeInvis .     P - +10 broad axe of Optimality {vamp, rC+ Int+3 Dex+3}
rCold  + + +     Clarity  .     K - +27 Lear's hauberk
rNeg   + + +     SustAt   .     F - +2 shield of Resistance {rF+ rC+ MR+}
rPois  ∞         Gourm    .     (helmet currently unavailable)
rElec  +         Spirit   .     w - +2 cloak {+Inv}
rCorr  .         Warding  .     (gloves currently unavailable)
rMut   .         Stasis   .     (boots currently unavailable)
MR     ++...                    U - amulet of Trepidation {rF+ rN++ Regen+}
Stlth  ..........               E - +6 ring of strength
                                I - +3 ring of dexterity

@: heroism, very resistant to hostile enchantments, extremely unstealthy
A: big wings, hooves 1, clever 1, cold resistance 1, fire resistance 1, high mp
1, negative energy resistance 1, robust 1, electricity resistance, unbreathing,
petrification resistance, rot immunity, AC +17
a: Fly, Heroism, Finesse, Renounce Religion, Evoke Invisibility
}: 2/15 runes: barnacled, gossamer


You were on level 3 of the Elven Halls.
You worshipped Okawaru.
Okawaru was exalted by your worship.
You were not hungry.

You visited 9 branches of the dungeon, and saw 48 of its levels.
You visited the Abyss 2 times.
You visited 3 bazaars.
You also visited: Ice Cave.

You collected 5751 gold pieces.
You spent 5235 gold pieces at shops.

Inventory:

Hand Weapons
 L - a +2 battleaxe of electrocution
 P - the +10 broad axe of Optimality (weapon) {vamp, rC+ Int+3 Dex+3}
   (Okawaru gifted it to you on level 5 of the Depths)

   It inflicts no extra harm, but heals its wielder somewhat when it strikes a
   living foe.
   It affects your intelligence (+3).
   It affects your dexterity (+3).
   It protects you from cold.
 X - a +5 executioner's axe of electrocution
Missiles
 a - 15 javelins of penetration
 r - 1753 stones (quivered)
Armour
 w - a +2 cloak of invisibility (worn)
 A - the +12 chain mail of Ojaazot {rN+ MP-9 Str+3, unknown}
   (You found it on level 1 of the Elven Halls)

   It affects your strength (+3).
   It protects you from negative energy.
   It affects your magic capacity (-9).
 F - the +2 shield of Resistance (worn) {rF+ rC+ MR+}
   (You bought it in a shop in a bazaar)

   It protects you from fire.
   It protects you from cold.
   It affects your resistance to hostile enchantments.
 K - the +27 Lear's hauberk (worn)
   (You found it on level 6 of the Dungeon)
Jewellery
 v - an uncursed amulet of rage
 y - an uncursed ring of sustain attributes
 z - an uncursed ring of protection from cold
 C - an uncursed amulet of clarity
 D - the ring of Amorality {-Tele +Fly rN+ Str+3 Dex+4 SInv}
   (You bought it in a shop in a bazaar)

   [ring of see invisible]

   It affects your strength (+3).
   It affects your dexterity (+4).
   It protects you from negative energy.
   It lets you see invisible.
   It lets you fly.
   It prevents most forms of teleportation.
 E - a +6 ring of strength (right hand)
 G - a +4 ring of protection
 I - a +3 ring of dexterity (left hand)
 U - the amulet of Trepidation (around neck) {rF+ rN++ Regen+}
   (You bought it in a shop in a bazaar)

   [amulet of regeneration]

   It protects you from fire.
   It greatly protects you from negative energy.
   It increases your rate of regeneration.
 V - an uncursed ring of protection from fire
Wands
 c - a wand of fireball (15)
 f - a wand of teleportation (8)
 o - a wand of disintegration (10)
 Q - a wand of digging (15)
Scrolls
 b - 4 scrolls of magic mapping
 g - 4 scrolls of fog
 h - 4 scrolls of fear
 l - 19 scrolls of remove curse
 q - 27 scrolls of identify
 t - 12 scrolls of teleportation
 x - 11 scrolls of blinking
 H - 2 scrolls of holy word
 M - 2 scrolls of summoning
 N - a scroll of amnesia
 W - 4 scrolls of immolation
Potions
 d - 11 potions of might
 i - 2 potions of invisibility
 j - 16 potions of curing
 p - 2 potions of brilliance
 s - a potion of lignification
 u - 9 potions of resistance
 O - 7 potions of agility
 S - 3 potions of cancellation
 Y - 6 potions of heal wounds
 Z - 4 potions of haste
Books
 e - a book of Summonings

   Spells                             Type                      Level
   a - Recall                         Summoning/Translocation      3
   b - Aura of Abjuration             Summoning                    5
   c - Shadow Creatures               Summoning                    5
   d - Summon Demon                   Summoning                    5
   e - Summon Forest                  Summoning/Translocation      5
   f - Summon Mana Viper              Hexes/Summoning              5
Comestibles
 k - 38 fruits
 n - 28 meat rations
 B - a royal jelly
 J - a beef jerky
 R - a bread ration


   Skills:
 - Level 20.4(25.4) Fighting
 - Level 21.3(26.3) Axes
 - Level 18.1(23.1) Armour
 - Level 14.5(19.5) Dodging
 + Level 11.8(16.8) Shields
 - Level 13.0 Invocations
 - Level 13.8 Evocations


You had 23 spell levels left.
You didn't know any spells.

Dungeon Overview and Level Annotations

Branches:
Dungeon (15/15)            Temple (1/1) D:7            Lair (8/8) D:11
 Shoals (4/4) Lair:5       Spider (4/4) Lair:3        Slime (0/6) Lair:7
    Orc (4/4) D:9             Elf (3/3) Orc:3        Vaults (4/5) D:14
  Crypt (0/3) Vaults:2     Depths (5/5) D:15            Zot (0/5) Depths:5

Altars:
Ashenzari
Cheibriados
Dithmenos
Elyvilon
Fedhas
Gozag
Kikubaaqudgha
Makhleb
Nemelex Xobeh
Okawaru
Qazlal
Ru
Sif Muna
Trog
Vehumet
Xom
Yredelemnul
Zin
The Shining One
Beogh
Jiyva
Lugonu

Shops:
D:5 *%[   D:9 !   Orc:2 !   Orc:4 :*[(   Elf:1 !   Vaults:1 (:%:   Vaults:3 %(
Depths:2 *   Depths:4 *

Portals:
Hell: Depths:1 Depths:2 Depths:3 Depths:4 Depths:5
Abyss: Depths:4 Depths:5
Pandemonium: Depths:2 Depths:3 Depths:4
Ziggurat: Depths:4
Trove: D:14 (give 12 potions of heal wounds)

Annotations:
D:4 chonchonts's ghost, amateur HOFi
D:7 exclusion: ice statue
Lair:3 exclusion: 2 oklob plants
Orc:4 armour book
Depths:4 rod behind glass


Innate Abilities, Weirdness & Mutations

You are resistant to torment.
Your stone body is resilient (AC +17).
You are immune to poison.
Your large and strong wings let you fly indefinitely.
You resist negative energy.
You are resistant to electric shocks.
You can survive without breathing.
You are immune to petrification.
You are immune to rotting.
You have large cloven feet.
Your mind is acute. (Int +2)
Your flesh is cold resistant.
Your flesh is heat resistant.
You have an increased reservoir of magic (+10% MP).
You are robust (+10% HP).


Message History

The Executioner resists.
The bolt of lightning hits you! You resist.
* * * LOW HITPOINT WARNING * * *
You block the Executioner's attack. The Executioner closely misses you.
The Executioner hits you but does no damage.
You block the Executioner's attack. The Executioner completely misses you.
The Executioner hits you but does no damage.
You block the Executioner's attack. The Executioner misses you.
The Executioner barely misses you.
Unknown command.
The Executioner hits you but does no damage.
The Executioner closely misses you. You block the Executioner's attack.
The Executioner hits you.
* * * LOW HITPOINT WARNING * * *
The Executioner hits you but does no damage. x2
There is a stone staircase leading up here.
Unknown command.
The Executioner disappears in a puff of smoke!
The Hell Sentinel gestures at you.
The hellfire explodes!
The blast of hellfire engulfs you!
You die...

..............#####......##.###..
###[.####.........'......'....'..
#.## #.####.####.....#######..
#.# #.# #.# ##...## #.. #.# #.#
##+## ##.## ##. #.# #.###...##
### #+ #.# #.##.....## #. ###.###
#.#.......# #.
......###^#..)e§@.# ###.
###......4'.1)....# #...
##.####.#)))....# #... #.#
#)#.......# #.#. #.# #e#.......#
#.#. #.# ##1##......###### ###'#.
#.###.4...###+###...## ##.....
####.##......###.##.....###......
.....##.)....'...##<.....#.......


You could see a Hell Sentinel, a deep elf annihilator and a sixfirhy.

Vanquished Creatures
  An ancient lich (Depths:2)
  Mennas (Depths:3)
  A juggernaut (Depths:5)
  Sojobo (Vaults:3)
  Margery (Depths:5)
  Norris (Vaults:3)
  A caustic shrike (Depths:3)
  A golden dragon (Depths:5)
  Nikola (Shoals:1)
  Arachne (Spider:4)
  Jorgrun (Spider:4)
  4 liches
  A tentacled monstrosity (Depths:3)
  The ghost of WereVolvo the Champion of Chaos, an adept HuFi of Makhleb (Vaults:2)
  A Shadow Fiend (Depths:2)
  Asterion (Elf:1)
  A titan (Depths:3)
  A kraken (Shoals:4)
  2 sphinxes
  A storm dragon (Depths:3)
  Frances (D:14)
  Kirke (Spider:3)
  2 tengu reavers (Vaults:3)
  Ilsuiw (Shoals:4)
  Wiglaf (Elf:3)
  9 frost giants
  4 fire giants
  2 balrugs
  Donald (Spider:4)
  Maud (Orc:3)
  10 vault wardens
  An iron dragon (Depths:3)
  5 deep elf sorcerers
  Aizul (Spider:4)
  Louise (Shoals:3)
  10 emperor scorpions
  A juggernaut zombie (Depths:2)
  2 draconian shifters (Depths:5)
  An orc warlord (Orc:4)
  2 ghost moths
  14 stone giants
  8 very ugly things
  A war gargoyle (Vaults:2)
  4 reapers (Depths:2)
  2 vampire knights (Depths:5)
  10 ironheart preservers
  The ghost of BLOAX the Grappler, a journeyman TrMo of Cheibriados (Shoals:2)
  2 green draconians (Depths:5)
  A deep elf annihilator (Elf:3)
  2 white draconians
  Azrael (D:13)
  A salamander stormcaller (Vaults:4)
  A deep elf demonologist (Elf:2)
  A yellow draconian (Depths:5)
  5 dire elephants (Lair:8)
  A purple draconian (Depths:5)
  A mottled draconian (Depths:5)
  A red draconian (Depths:5)
  Snorg (D:14)
  10 merfolk javelineers
  8 deep elf death magi
  14 vault guards
  7 ettins
  A minotaur (shapeshifter) (Depths:5)
  10 merfolk impalers
  Josephine (Orc:2)
  9 fire dragons
  7 entropy weavers
  10 great orbs of eyes
  18 yaktaur captains
  Fannar (D:11)
  3 deep elf high priests
  5 ogre magi
  Harold (D:10)
  6 hydras
  10 ice dragons
  4 rakshasas
  A juggernaut simulacrum (Depths:1)
  Erolcha (D:8)
  9 centaur warriors
  5 merfolk avatars
  2 spriggan air magi (Depths:5)
  3 catoblepae
  3 alligator snapping turtles
  9 merfolk aquamancers
  3 tengu warriors
  An anaconda (Lair:8)
  18 dancing weapons (Elf:2)
  7 deep troll earth magi
  2 orc high priests
  2 satyrs
  27 death yaks
  A titan zombie (Depths:2)
  A queen ant (Lair:1)
  Urug (Lair:2)
  15 deep troll shamans
  5 soul eaters
  2 spriggan berserkers (Depths:5)
  Sonja (Orc:3)
  Nergalle (D:12)
  2 vampire magi (Depths:4)
  3 sun demons
  A titan skeleton (Depths:2)
  3 fire crabs
  9 hell knights (Depths:5)
  A salamander mystic (Depths:1)
  20 sea snakes
  28 deep trolls
  8 hill giants
  2 flayed ghosts
  8 iron trolls
  5 giant orange brains
  A sea snake (shapeshifter) (Depths:1)
  12 deep elf knights
  9 deep elf summoners
  19 harpies
  2 phantasmal warriors (Depths:5)
  2 orange crystal statues
  3 tengu zombies
  Pikel (D:9)
  3 hornets
  3 unseen horrors
  13 ironbrand convokers
  12 deep elf conjurers
  8 orb spiders
  A harpy (shapeshifter) (Vaults:3)
  11 griffons
  14 necromancers
  A shadow dragon zombie (Depths:2)
  10 fauns
  13 wizards
  6 cyclopes
  13 orc knights
  26 wolf spiders
  31 ugly things
  12 manticores
  A sixfirhy (Depths:3)
  2 salamanders (Depths:1)
  A stone giant zombie (Depths:2)
  2 frost giant zombies (Depths:2)
  13 sirens
  7 elephants
  An oklob plant (Shoals:3)
  16 slime creatures
  A frost giant skeleton (Depths:2)
  5 black mambas
  2 fire giant skeletons (Depths:2)
  6 water nymphs
  2 centaur zombies
  Maurice (D:13)
  2 moths of wrath
  10 vault sentinels
  2 orc sorcerers (Orc:4)
  An elf zombie (Depths:2)
  Joseph (D:9)
  An ice statue (IceCv)
  Prince Ribbit (D:9)
  10 spiny frogs
  Psyche (D:8)
  5 spectral swamp worms (Depths:2)
  3 human zombies (Vaults:3)
  A hellion (Depths:1)
  3 red devils
  3 kobold demonologists (D:14)
  9 demonic crawlers
  2 elf skeletons (Depths:2)
  49 yaktaurs
  A queen bee (shapeshifter) (Depths:3)
  2 fire drakes
  29 jumping spiders
  13 deep elf priests
  5 spriggan skeletons (Depths:2)
  2 fire drakes (shapeshifter)
  8 komodo dragons
  2 tengu conjurers
  A hellwing (Depths:1)
  27 blink frogs
  4 trolls
  A jumping spider (shapeshifter) (Depths:5)
  41 merfolk
  4 tengu simulacra
  8 two-headed ogres
  4 wind drakes
  An iron dragon simulacrum (Depths:2)
  A trapdoor spider zombie (D:14)
  A two-headed ogre (shapeshifter) (Vaults:2)
  9 boulder beetles
  11 snapping turtles
  A frost giant simulacrum (Depths:2)
  16 polar bears
  An ettin zombie (Vaults:3)
  3 fire giant simulacra
  A centaur simulacrum (D:14)
  A snapping turtle (shapeshifter) (Depths:3)
  2 ettin skeletons (Depths:2)
  A raiju (shapeshifter) (Vaults:1)
  2 spriggan zombies (Depths:2)
  A trapdoor spider (shapeshifter) (Vaults:1)
  A spriggan (Depths:5)
  5 wraiths
  25 deep elf magi
  A vampire (D:13)
  42 redbacks
  23 trapdoor spiders
  15 water elementals
  2 shadows (D:15)
  A yak (shapeshifter) (Depths:4)
  3 wyverns
  3 air elementals (Depths:5)
  3 hogs
  4 basilisks
  A steam dragon (D:9)
  A chaos spawn (Depths:3)
  An elf simulacrum (Depths:2)
  4 fire elementals
  Grum (D:8)
  15 tarantellas
  A golden eye (shapeshifter) (Vaults:1)
  A mottled dragon (Vaults:1)
  74 yaks
  5 hungry ghosts
  6 soldier ants
  A yaktaur simulacrum (Vaults:3)
  A deep troll zombie (Vaults:3)
  11 hippogriffs
  8 vampire mosquitoes
  28 wolves
  9 wargs
  2 hell hounds (D:13)
  33 deep elf fighters
  21 water moccasins
  A soldier ant (shapeshifter) (Elf:2)
  An ettin simulacrum (Depths:2)
  10 spiders
  14 porcupines
  9 sky beasts
  An eye of draining (D:13)
  38 orc warriors
  A phantom (D:14)
  25 ogres
  11 boggarts
  3 spriggan simulacra
  5 ice beasts
  29 centaurs
  25 crocodiles
  4 wasps
  2 brain worms
  18 giant frogs
  Blork the orc (D:6)
  10 big kobolds
  A brain worm (shapeshifter) (Depths:1)
  A glowing shapeshifter simulacrum (Vaults:3)
  5 scorpions
  A wyvern zombie (D:10)
  2 human simulacra
  A wyvern skeleton (D:13)
  12 killer bees
  5 electric eels
  5 wights (D:8)
  10 crimson imps
  9 centaur skeletons
  A quasit (D:5)
  7 iguanas
  A giant frog zombie (D:11)
  5 hounds
  8 jellies
  30 orc wizards
  3 giant frog skeletons
  22 worker ants
  Jessica (D:3)
  16 orc priests
  40 sheep
  2 hound zombies
  10 gnolls
  9 adders
  35 river rats
  7 shadow imps
  6 oozes
  An adder zombie (D:9)
  An adder skeleton (D:5)
  7 worms
  190 orcs
  3 giant cockroaches
  5 goblins
  7 hobgoblins
  8 jackals
  6 quokkas
  5 bats
  3 giant geckos
  4 giant newts
  70 kobolds
  A quokka zombie (D:8)
  4 rats
  4 crawling corpses
  6 fungi
  23 plants
  2 spectral weapons (Elf:1)
  3 tentacles (Shoals:4)
2236 creatures vanquished.

Vanquished Creatures (others)
  A fire giant (Depths:3)
  A ghost moth (Spider:4)
  A salamander stormcaller (Vaults:2)
  A deep troll earth mage (Depths:1)
  A deep troll shaman (Depths:1)
  2 deep elf knights
  3 orb spiders
  A vault sentinel (Vaults:3)
  A demonic crawler (Spider:3)
  A polar bear (Lair:8)
  A yaktaur (Depths:1)
  A merfolk (Shoals:4)
  A trapdoor spider (Spider:1)
  A human (Spider:4)
  A deep elf mage (Elf:3)
  2 slaves (D:9)
  2 boggarts
  An orc (D:9)
  A bush (Lair:8)
  2 fire vortices
  7 fungi
  36 plants
  8 tentacles (Shoals:4)
  281 tentacle segments (Shoals:4)
358 creatures vanquished.

Grand Total: 2594 creatures vanquished

Notes
Turn   | Place    | Note
--------------------------------------------------------------
     0 | D:1      | septik the Gargoyle Fighter began the quest for the Orb.
     0 | D:1      | Reached XP level 1. HP: 14/14 MP: 1/1
     2 | D:1      | Noticed a troll
     4 | D:1      | Noticed an octopode
     4 | D:1      | Noticed a demonspawn
     6 | D:1      | Noticed a tengu
     6 | D:1      | Noticed a felid
     8 | D:1      | Noticed a vine stalker
     8 | D:1      | Noticed a draconian
    10 | D:1      | Noticed a gargoyle
    10 | D:1      | Noticed a formicid
    12 | D:1      | Noticed a human
    14 | D:1      | Noticed an ogre
    16 | D:1      | Noticed a centaur
    16 | D:1      | Noticed a minotaur
    18 | D:1      | Noticed a demigod
    18 | D:1      | Noticed a ghoul
    20 | D:1      | Noticed a dwarf
    20 | D:1      | Noticed a merfolk
    22 | D:1      | Noticed a naga
    22 | D:1      | Noticed a vampire
    26 | D:1      | Noticed an elf
    26 | D:1      | Noticed a spriggan
   232 | D:1      | Found a sparkling altar of Nemelex Xobeh.
   283 | D:1      | Reached XP level 2. HP: 19/19 MP: 2/2
   381 | D:1      | You fall through a shaft!
   763 | D:2      | Reached XP level 3. HP: 23/23 MP: 3/3
   875 | D:2      | Found a white marble altar of Elyvilon.
  1451 | D:3      | Noticed Jessica
  1458 | D:3      | Killed Jessica
  1458 | D:3      | Reached skill level 1 in Dodging
  1458 | D:3      | Reached XP level 4. HP: 29/29 MP: 4/4
  1613 | D:3      | Reached skill level 4 in Fighting
  1870 | D:3      | Found a shimmering altar of Xom.
  1870 | D:3      | Found a burning altar of Makhleb.
  1874 | D:3      | Reached XP level 5. HP: 33/33 MP: 5/5
  2115 | D:4      | Noticed chonchonts's ghost (amateur HOFi)
  2441 | D:4      | Reached XP level 6. HP: 39/39 MP: 6/6
  2709 | D:5      | Entered Level 5 of the Dungeon
  2730 | D:5      | Found Xiatril's Antique Armour Shop.
  2926 | D:5      | Found Xunanturch's Assorted Antiques.
  2930 | D:5      | Bought a scroll labeled WOXIDGHOURO for 28 gold pieces
  2930 | D:5      | Bought a scroll labeled WOWUIBL KUPN for 28 gold pieces
  2930 | D:5      | Bought a scroll labeled WOXIDGHOURO for 28 gold pieces
  2930 | D:5      | Bought a scroll labeled SIWECUIMYI for 28 gold pieces
  2930 | D:5      | Bought a glowing silvery potion for 25 gold pieces
  2930 | D:5      | Bought a scroll labeled YHO OTHELOUCIE for 28 gold pieces
  2999 | D:5      | Reached XP level 7. HP: 18/44 MP: 7/7
  3231 | D:5      | Reached skill level 5 in Fighting
  3380 | D:5      | Reached skill level 5 in Armour
  3507 | D:5      | Found Laras's Food Shop.
  3876 | D:5      | Reached skill level 5 in Axes
  3929 | D:5      | Reached XP level 8. HP: 45/50 MP: 8/8
  4383 | D:5      | Gained mutation: Your flesh is cold resistant. [mutagenic meat]
  4387 | D:5      | Gained mutation: Your mind is acute. (Int +2) [mutagenic meat]
  4388 | D:5      | Gained mutation: You have large cloven feet. [mutagenic meat]
  4389 | D:5      | Gained mutation: Your flesh is heat resistant. [mutagenic meat]
  4614 | D:6      | Reached skill level 6 in Axes
  4662 | D:6      | Noticed Blork the orc
  4674 | D:6      | Killed Blork the orc
  4919 | D:6      | Reached XP level 9. HP: 54/56 MP: 9/9
  5329 | D:7      | Found a glowing golden altar of the Shining One.
  5567 | D:7      | Reached skill level 7 in Axes
  5595 | D:7      | Found a staircase to the Ecumenical Temple.
  5614 | Temple   | Entered the Ecumenical Temple
  5661 | Temple   | Became a worshipper of Warmaster Okawaru
  5738 | D:7      | Noticed an ice statue
  6034 | D:8      | Found a runed door.
  6041 | D:8      | Noticed a yaktaur captain
  6065 | D:8      | Killed a yaktaur captain
  6065 | D:8      | Reached * piety under Okawaru
  6065 | D:8      | Reached skill level 8 in Axes
  6065 | D:8      | Reached skill level 5 in Dodging
  6065 | D:8      | Reached XP level 10. HP: 33/63 MP: 10/10
  6153 | D:8      | Noticed Psyche
  6161 | D:8      | Paralysed by something for 2 turns
  6166 | D:8      | Killed Psyche
  6166 | D:8      | Reached ** piety under Okawaru
  6191 | D:8      | Noticed Erolcha
  6222 | D:8      | Killed Erolcha
  6222 | D:8      | Reached skill level 9 in Axes
  6252 | D:8      | Noticed Grum
  6254 | D:8      | Reached *** piety under Okawaru
  6267 | D:8      | Killed Grum
  6798 | D:8      | Found a bloodstained altar of Trog.
  7137 | D:9      | Noticed Pikel
  7165 | D:9      | Reached XP level 11. HP: 67/69 MP: 11/11
  7177 | D:9      | Killed Pikel
  7177 | D:9      | Reached **** piety under Okawaru
  7205 | D:9      | Reached skill level 10 in Axes
  7338 | D:9      | Noticed Prince Ribbit
  7380 | D:9      | Found a staircase to the Orcish Mines.
  7411 | D:9      | Found Gufurchu's Distillery.
  7489 | D:9      | Found a radiant altar of Vehumet.
  7666 | D:9      | Noticed Joseph
  7692 | D:9      | Killed Joseph
  7774 | D:9      | Found a stormy altar of Qazlal.
  7805 | D:9      | Bought a potion of lignification for 36 gold pieces
  8150 | D:10     | Entered Level 10 of the Dungeon
  8378 | D:10     | Found a glowing golden altar of the Shining One.
  8538 | D:10     | Reached ***** piety under Okawaru
  8551 | D:10     | Noticed Harold
  8575 | D:10     | Killed Harold
  8698 | D:11     | Noticed a hill giant
  8712 | D:11     | Killed a hill giant
  8905 | D:11     | Received a gift from Okawaru
  9006 | D:11     | Got a jewelled shortbow
  9007 | D:11     | Identified the cursed +3 shortbow "Tuqen" {freeze, Str+4 Int-2 Dex+4} (You found it on level 11 of the Dungeon)
  9073 | D:11     | Found a staircase to the Lair.
  9150 | D:11     | Noticed Fannar
  9165 | D:11     | Reached skill level 1 in Evocations
  9180 | D:11     | Killed Fannar
  9180 | D:11     | Reached skill level 11 in Axes
  9180 | D:11     | Reached skill level 1 in Invocations
  9180 | D:11     | Reached XP level 12. HP: 58/77 MP: 12/12
  9560 | Lair:1   | Entered Level 1 of the Lair of Beasts
  9853 | Lair:1   | Noticed a queen ant
  9869 | Lair:1   | Killed a queen ant
  9869 | Lair:1   | Reached skill level 10 in Armour
 10110 | Lair:1   | Reached skill level 5 in Shields
 10354 | Lair:1   | Reached skill level 10 in Fighting
 10856 | Lair:2   | Noticed a five-headed hydra
 10867 | Lair:2   | Killed a one-headed hydra
 10875 | Lair:2   | Found a snail-covered altar of Cheibriados.
 11015 | Lair:2   | Noticed Urug
 11039 | Lair:2   | Killed Urug
 11039 | Lair:2   | Received a gift from Okawaru
 11292 | Lair:2   | Reached XP level 13. HP: 63/83 MP: 15/15
 11474 | Lair:2   | Reached skill level 12 in Axes
 12470 | Lair:3   | Found a hole to the Spider Nest.
 12538 | Lair:3   | Reached ****** piety under Okawaru
 12636 | Lair:3   | Reached skill level 5 in Invocations
 12905 | Lair:3   | Received a gift from Okawaru
 13079 | Lair:3   | Got a polished broad axe {god gift}
 13080 | Lair:3   | Identified the +4 broad axe "Data" {flame, rC+ Int+3} (Okawaru gifted it to you on level 3 of the Lair of Beasts)
 14377 | Lair:5   | Found a staircase to the Shoals.
 14772 | Lair:5   | Received a gift from Okawaru
 15450 | Lair:6   | Gained mutation: Your large and strong wings let you fly indefinitely. [Gargoyle growth]
 15450 | Lair:6   | Reached XP level 14. HP: 83/90 MP: 18/18
 15528 | Lair:6   | Reached skill level 5 in Evocations
 15644 | Lair:6   | Reached skill level 13 in Axes
 16884 | Lair:7   | Received a gift from Okawaru
 17312 | Lair:7   | Found a viscous altar of Jiyva.
 17312 | Lair:7   | Found a staircase to the Slime Pits.
 17448 | Lair:8   | Entered Level 8 of the Lair of Beasts
 17448 | Lair:8   | Found a frozen archway.
 17485 | IceCv    | Entered an ice cave
 17781 | IceCv    | Received a gift from Okawaru
 17799 | IceCv    | Reached XP level 15. HP: 95/97 MP: 20/20
 18234 | Lair:8   | Reached skill level 14 in Axes
 19115 | Lair:8   | Gained mutation: You have an increased reservoir of magic (+10% MP). [potion of beneficial mutation]
 20073 | Lair:8   | Received a gift from Okawaru
 20322 | Lair:8   | Got a pair of dazzling gloves
 20796 | Lair:4   | Received a gift from Okawaru
 21242 | D:5      | Bought a potion of beneficial mutation for 980 gold pieces
 21242 | D:5      | Bought a dented brass amulet for 140 gold pieces
 21243 | D:5      | Gained mutation: You are robust (+10% HP). [potion of beneficial mutation]
 21420 | D:12     | Found a flickering gateway to a bazaar.
 21427 | Bazaar   | Entered a bazaar
 21435 | Bazaar   | Found Puhot's Jewellery Shop.
 21446 | Bazaar   | Found Disair's Book Shop.
 22443 | D:12     | Noticed Nergalle
 22462 | D:12     | Killed Nergalle
 22536 | D:12     | Found an opulent altar of Gozag.
 22618 | D:13     | Noticed Azrael
 22638 | D:13     | Killed Azrael
 22898 | D:13     | Noticed Maurice
 22906 | D:13     | Killed Maurice
 23019 | D:13     | Reached XP level 16. HP: 111/115 MP: 13/24
 23587 | D:9      | Killed Prince Ribbit
 23615 | Orc:1    | Entered Level 1 of the Orcish Mines
 24033 | Orc:2    | Noticed Josephine
 24041 | Orc:2    | Killed Josephine
 24220 | Orc:2    | Found Roemitu's Distillery.
 24239 | Orc:2    | Bought a potion of berserk rage for 65 gold pieces
 24494 | Orc:3    | Found a staircase to the Elven Halls.
 24636 | Orc:3    | Noticed Maud
 24644 | Orc:3    | Killed Maud
 24746 | Orc:3    | Noticed Sonja
 24754 | Orc:3    | Killed Sonja
 25039 | Orc:4    | Entered Level 4 of the Orcish Mines
 25562 | Orc:4    | Found a roughly hewn altar of Beogh.
 25576 | Orc:4    | Found Maitux's Book Emporium.
 25632 | Orc:4    | Found a roughly hewn altar of Beogh.
 25645 | Orc:4    | Found Hame's General Store.
 26028 | Orc:4    | Found Leaqips's Antique Weapon Shoppe.
 26034 | Orc:4    | Found Soatopo's Antique Armour Emporium.
 26065 | Orc:4    | Found a roughly hewn altar of Beogh.
 26069 | Orc:4    | Received a gift from Okawaru
 26087 | Orc:4    | Reached skill level 10 in Dodging
 26650 | D:14     | Found a sparkling altar of Nemelex Xobeh.
 26776 | D:14     | Reached skill level 15 in Axes
 26789 | D:14     | Found a gate to the Vaults.
 26818 | D:14     | Received a gift from Okawaru
 26912 | D:14     | Noticed Frances
 26945 | D:14     | Killed Frances
 26964 | D:14     | Found a portal to a secret trove of treasure.
 27050 | D:14     | Found a gateway to a bazaar.
 27190 | D:14     | Noticed Snorg
 27202 | D:14     | Killed Snorg
 27548 | D:15     | Entered Level 15 of the Dungeon
 27975 | D:15     | Found a staircase to the Depths.
 28098 | D:15     | Reached skill level 15 in Fighting
 28942 | Bazaar   | Entered a bazaar
 28955 | Bazaar   | Found Kemp's Jewellery Emporium.
 28955 | Bazaar   | Found Toecs's Magic Scroll Emporium.
 28961 | Bazaar   | Bought the amulet of Trepidation {rF+ rN++ Regen+} for 654 gold pieces
 28991 | Bazaar   | Found Vycarhiy's Food Shoppe.
 28991 | Bazaar   | Found Sifajad's Weapon Shoppe.
 29030 | Bazaar   | Bought a scroll of enchant weapon for 75 gold pieces
 29030 | Bazaar   | Bought a scroll of identify for 20 gold pieces
 29030 | Bazaar   | Bought a scroll of teleportation for 30 gold pieces
 29030 | Bazaar   | Bought a scroll of identify for 20 gold pieces
 29030 | Bazaar   | Bought a scroll of enchant armour for 75 gold pieces
 29042 | Bazaar   | Bought the ring of Cikhor {rN++ Str+3 Slay+4 Stlth-} for 583 gold pieces
 29431 | Spider:1 | Entered Level 1 of the Spider Nest
 29914 | Spider:2 | Reached XP level 17. HP: 124/124 MP: 26/26
 30107 | Spider:2 | Reached skill level 10 in Invocations
 30360 | Spider:2 | Received a gift from Okawaru
 30363 | Spider:2 | Got a faintly humming buckler {god gift}
 30374 | Spider:2 | Identified the +2 buckler of Exclusion {rElec rC+ Dex-3} (Okawaru gifted it to you on level 2 of the Spider Nest)
 31665 | Spider:4 | Entered Level 4 of the Spider Nest
 31678 | Spider:4 | Noticed Aizul
 31709 | Spider:4 | Killed Aizul
 32020 | Spider:4 | Received a gift from Okawaru
 32020 | Spider:4 | Reached skill level 16 in Fighting
 32196 | Spider:4 | Noticed Donald
 32196 | Spider:4 | Noticed Arachne
 32198 | Spider:4 | Noticed Kirke
 32221 | Spider:4 | Killed Arachne
 32221 | Spider:4 | Killed Donald
 32230 | Spider:3 | Killed Kirke
 32295 | Spider:4 | Received a gift from Okawaru
 32296 | Spider:4 | Noticed Jorgrun
 32318 | Spider:4 | Killed Jorgrun
 32318 | Spider:4 | Reached XP level 18. HP: 117/132 MP: 29/29
 33254 | Spider:4 | Got a gossamer rune of Zot
 33544 | Shoals:1 | Entered Level 1 of the Shoals
 33968 | Shoals:1 | Received a gift from Okawaru
 33969 | Shoals:1 | Got a pair of dazzling boots {god gift}
 34003 | Shoals:1 | Noticed Nikola
 34017 | Shoals:1 | Killed Nikola
 34862 | Shoals:2 | Reached skill level 17 in Fighting
 34923 | Shoals:2 | Noticed BLOAX's ghost (journeyman TrMo)
 35048 | Shoals:2 | Killed BLOAX's ghost
 35575 | Shoals:3 | Reached skill level 10 in Evocations
 36073 | Shoals:3 | Found a bloodstained altar of Trog.
 36087 | Shoals:3 | Received a gift from Okawaru
 36104 | Shoals:3 | Noticed Louise
 36126 | Shoals:3 | Cast into the Abyss (Louise)
 36126 | Abyss:1  | Found a corrupted altar of Lugonu.
 36137 | Shoals:3 | Escaped the Abyss
 36149 | Shoals:3 | Killed Louise
 36149 | Shoals:3 | Reached XP level 19. HP: 100/140 MP: 24/30
 36715 | Shoals:4 | Entered Level 4 of the Shoals
 36715 | Shoals:4 | Noticed Ilsuiw
 37760 | Shoals:4 | Got a barnacled rune of Zot
 38122 | Shoals:4 | Killed Ilsuiw
 38122 | Shoals:4 | Reached skill level 18 in Fighting
 38356 | Shoals:4 | Cast into the Abyss (merfolk javelineer)
 38360 | Shoals:4 | Escaped the Abyss
 38556 | Shoals:4 | Received a gift from Okawaru
 39006 | Vaults:1 | Entered Level 1 of the Vaults
 39261 | Vaults:1 | Received a gift from Okawaru
 39262 | Vaults:1 | Reached skill level 15 in Armour
 39310 | Vaults:1 | Got a blackened hand axe {god gift}
 39311 | Vaults:1 | Identified the +9 hand axe "Acvymp" {drain, +Fly rC+ Str-3 Stlth-} (Okawaru gifted it to you on level 1 of the Vaults)
 39411 | Vaults:1 | Found Poxodoor's Book Shoppe.
 39483 | Vaults:1 | Reached XP level 20. HP: 149/149 MP: 32/32
 39586 | Vaults:1 | Found Reifuukk's Book Shop.
 39663 | Vaults:1 | Paralysed by a sphinx for 6 turns
 39864 | Vaults:1 | Found Keniqoz's Food Shoppe.
 40184 | Vaults:1 | Found Jur Vuo's Antique Weapon Shoppe.
 40450 | Vaults:2 | Received a gift from Okawaru
 40466 | Vaults:2 | Got a smoking large shield {god gift}
 40643 | Vaults:2 | Noticed WereVolvo's ghost (adept HuFi)
 40662 | Vaults:2 | Killed WereVolvo's ghost
 41091 | Vaults:2 | Found a staircase to the Crypt.
 41792 | Vaults:3 | Found Zokigrio's Weapon Emporium.
 41965 | Vaults:3 | Noticed Norris
 41987 | Vaults:3 | Killed Norris
 42277 | Vaults:3 | Reached XP level 21. HP: 140/156 MP: 33/33
 42350 | Vaults:3 | Found Redep's Food Boutique.
 42777 | Vaults:3 | Noticed Sojobo
 42792 | Vaults:3 | Killed Sojobo
 43007 | Vaults:4 | Reached skill level 19 in Axes
 43219 | Vaults:4 | Received a gift from Okawaru
 44438 | Lair:2   | Identified a scroll of acquirement
 44439 | Lair:2   | Got a faintly humming plate armour
 44650 | Depths:1 | Entered Level 1 of the Depths
 44653 | Depths:1 | Received a gift from Okawaru
 44874 | Depths:1 | Received a gift from Okawaru
 45141 | Depths:1 | Reached XP level 22. HP: 79/165 MP: 34/34
 45356 | Depths:1 | Received a gift from Okawaru
 45450 | Depths:1 | Found an iron altar of Okawaru.
 45604 | Depths:1 | Found a gateway to Hell.
 46194 | Depths:2 | Found Hemy's Assorted Antiques.
 46208 | Depths:2 | Paralysed by a great orb of eyes for 5 turns
 46647 | Depths:2 | Found a one-way gate leading to the halls of Pandemonium.
 46760 | Depths:2 | Found an ancient bone altar of Kikubaaqudgha.
 46760 | Depths:2 | Noticed an ancient lich
 46778 | Depths:2 | Killed an ancient lich
 46778 | Depths:2 | Received a gift from Okawaru
 47097 | Depths:2 | Received a gift from Okawaru
 47206 | Depths:2 | Reached skill level 20 in Axes
 47523 | Depths:3 | Received a gift from Okawaru
 47840 | Depths:3 | Reached XP level 23. HP: 89/171 MP: 36/36
 48092 | Depths:3 | Noticed a caustic shrike
 48117 | Depths:3 | Killed a caustic shrike
 48383 | Depths:3 | Noticed Mennas
 48442 | Depths:3 | Killed Mennas
 48442 | Depths:3 | Received a gift from Okawaru
 48834 | Depths:4 | Found a gateway to a ziggurat.
 48918 | Depths:4 | Found Limpewa's General Store.
 48923 | Depths:4 | Found a corrupted altar of Lugonu.
 48924 | Depths:4 | Found a one-way gate to the infinite horrors of the Abyss.
 49306 | Depths:4 | Found a gateway to a bazaar.
 49603 | Depths:4 | Got a translucent plate armour
 50641 | Depths:4 | Identified a -3 rod of ignition (14/14) (You found it on level 4 of the Depths)
 50983 | Bazaar   | Entered a bazaar
 50993 | Bazaar   | Found Putres's Distillery.
 50998 | Bazaar   | Found Qeask's Antique Armour Shop.
 51000 | Bazaar   | Bought a potion of cure mutation for 490 gold pieces
 51000 | Bazaar   | Bought a potion of heal wounds for 70 gold pieces
 51001 | Bazaar   | Found Xyurei's General Store.
 51012 | Bazaar   | Bought an uncursed amulet of clarity for 180 gold pieces
 51014 | Bazaar   | Found Wangun's General Store.
 51019 | Bazaar   | Bought the ring of Amorality {-Tele +Fly rN+ Str+3 Dex+4 SInv} for 374 gold pieces
 51031 | Bazaar   | Bought the +2 shield of Resistance {rF+ rC+ MR+} for 1233 gold pieces
 51048 | Bazaar   | Found Zuxuet's Food Emporium.
 51106 | Depths:5 | Entered Level 5 of the Depths
 51116 | Depths:5 | Noticed Margery
 51129 | Depths:5 | Killed Margery
 51227 | Depths:5 | Received a gift from Okawaru
 51579 | Depths:5 | Paralysed by a sphinx for 7 turns
 51644 | Depths:5 | Noticed a juggernaut
 51657 | Depths:5 | Killed a juggernaut
 51657 | Depths:5 | Reached skill level 21 in Axes
 51657 | Depths:5 | Reached XP level 24. HP: 143/179 MP: 36/36
 51839 | Depths:5 | Found a gate to the Realm of Zot.
 51863 | Depths:5 | Received a gift from Okawaru
 51922 | Depths:5 | Got a crystal broad axe {god gift}
 52556 | Depths:5 | Identified the +10 broad axe of Optimality {vamp, rC+ Int+3 Dex+3} (Okawaru gifted it to you on level 5 of the Depths)
 53169 | Orc:4    | Bought a scroll of immolation for 45 gold pieces
 53399 | Elf:1    | Entered Level 1 of the Elven Halls
 53504 | Elf:1    | Noticed Asterion
 53530 | Elf:1    | Killed Asterion
 53747 | Elf:1    | Found Kiarph Cenee's Distillery.
 53793 | Elf:1    | Got a fine chain mail
 54158 | Elf:2    | Received a gift from Okawaru
 54736 | Elf:2    | Found a huge runed gate.
 54736 | Elf:2    | Found a huge runed gate.
 54736 | Elf:2    | Found a huge runed gate.
 54737 | Elf:2    | Found a huge runed gate.
 54741 | Elf:2    | Found a huge runed gate.
 55024 | Elf:2    | Reached skill level 10 in Shields
 55200 | Elf:3    | Entered Level 3 of the Elven Halls
 55200 | Elf:3    | Noticed Wiglaf
 55221 | Elf:3    | Killed Wiglaf
 55844 | Elf:3    | Killed from afar by a Hell Sentinel

Action                   |  1- 3 |  4- 6 |  7- 9 | 10-12 | 13-15 | 16-18 | 19-21 | 22-24 || total
-------------------------+-------+-------+-------+-------+-------+-------+-------+-------++-------
Melee: War axe           |   112 |   161 |   546 |   951 |   267 |   837 |       |       ||  2874
       Broad axe         |       |       |       |       |  1039 |   363 |       |   404 ||  1806
       Executioner's axe |       |       |       |       |       |   654 |  1433 |  1202 ||  3289
Invok: Heroism           |       |       |       |     3 |     5 |    14 |    15 |    11 ||    48
       Finesse           |       |       |       |       |       |     6 |     4 |     1 ||    11
 Abil: Fly               |       |       |       |       |     1 |       |       |       ||     1
       Stop Flying       |       |       |       |       |       |       |       |     1 ||     1
Evoke: Wand              |       |       |       |       |       |       |       |     2 ||     2
  Use: Scroll            |       |       |     4 |    28 |     8 |     2 |     4 |     7 ||    53
       Potion            |       |       |       |       |     3 |       |       |     1 ||     4
 Stab: Distracted        |       |     1 |       |       |       |       |       |       ||     1
  Eat: Chunk             |     2 |     5 |    14 |    20 |    33 |    47 |    39 |    43 ||   203
       Beef jerky        |       |       |     1 |     2 |       |     1 |       |       ||     4
       Meat ration       |       |       |       |       |     2 |       |       |       ||     2
       Fruit             |       |       |       |       |     1 |       |       |     1 ||     2
       Royal jelly       |       |       |       |       |       |     1 |     1 |     2 ||     4
       Bread ration      |       |       |       |       |       |     1 |       |     1 ||     2
       Pizza             |       |       |       |       |       |       |     2 |       ||     2
